 Dungeon Crawl Stone Soup version 0.21-a0-1-gaf3b9a5 (webtiles) character file.

252 Leszczynek the Cutter (level 5, -1/30 (31) HPs)
             Began as a Deep Elf Chaos Knight on May 20, 2017.
             Killed from afar by a death drake (shapeshifter) (13 damage)
             ... with a foul vapour
             ... on level 5 of the Dungeon.
             The game lasted 00:15:03 (2422 turns).

Leszczynek the Cutter (Deep Elf Chaos Knight)       Turns: 2422, Time: 00:15:04

HP:   -1/30 (31)    AC: 10    Str: 10    XL:     5   Next: 89%
MP:   7/7           EV: 13    Int: 17    God:    Xom [.*....]
Gold: 139           SH:  0    Dex: 14    Spells: 4/4 levels left

rFire    . . .     SeeInvis .   a - +0 short sword (chaos)
rCold    . . .     Gourm    .   (no shield)
rNeg     . . .     Faith    .   i - +2 leather armour
rPois    .         Spirit   .   (no helmet)
rElec    .         Reflect  .   (no cloak)
rCorr    .         Harm     .   e - +0 pair of gloves
MR       .....                  (no boots)
Stlth    +.........             (no amulet)
Regen    0.0/turn               k - +4 ring of protection
MPRegen  0.1/turn               (no ring)

@: lethally poisoned (-1 -> -20), non-regenerating, diseased
A: no striking features
a: Renounce Religion


You were on level 5 of the Dungeon.
You worshipped Xom.
You were a plaything of Xom.
You were not hungry.

You visited 1 branch of the dungeon, and saw 5 of its levels.

You collected 139 gold pieces.

Inventory:

Hand Weapons
 a - a +0 short sword of chaos (weapon)
 b - a +0 shortbow
 g - a +0 hunting sling
 p - a +0 dagger of draining
Missiles
 h - 23 sling bullets
 m - 36 arrows
Armour
 e - a +0 pair of gloves (worn)
 i - a +2 leather armour (worn)
Jewellery
 k - a +4 ring of protection (left hand)
Wands
 j - a wand of enslavement (10/24)
 n - a wand of flame (5/48) {god gift}
Comestibles
 c - a royal jelly
 d - 2 bread rations
 f - 3 chunks of flesh
 l - 2 meat rations {god gift}


   Skills:
 - Level 2.4 Fighting
 + Level 6.4 Short Blades
 - Level 0.7 Armour
 - Level 3.1 Dodging


You had 4 spell levels left.
You didn't know any spells.

Dungeon Overview and Level Annotations

Branches:
Dungeon (5/15)
 Temple: D:4-7

Altars:
Ashenzari
Elyvilon
Xom
Yredelemnul
Zin

Annotations:
D:3 orc p
D:4 Natasha


Message History

What are your orders? t - Shout!
Orders for allies: a - Attack new target. r - Retreat! s - Stop attacking. g - Guard the area. f - Follow me.
Anything else - Cancel.
Retreat in which direction?
Press: ? - help, Dir - move target cursor Fall back!
You swap places.
You swap places.
Your butterfly disappears in a puff of smoke!
The death drake is no longer charmed.
The death drake breathes miasma at you. The foul vapour engulfs you!
You are lethally poisoned!
You feel your flesh rotting away!
You feel ill.
You die...
Xom cackles wildly!

........#
#.####.#........#
l.......#
#.)[.#.#........#
........#
####...####.#####
.#......# ##..# #.#
........#######..####.#
.#.......÷.........§k.####
#...............§§......#
........#######.§#########
........# #@.# #########
#..### #...l#######
#........... ##..<.......
#.......... #..........
#.......... #..........


You could see a death drake and an iguana.

Vanquished Creatures
  A centaur (D:4)
  A centaur skeleton (D:5)
  2 orc wizards (D:5)
  A worker ant (D:4)
  5 adders
  An ooze (D:2)
  An adder skeleton (D:4)
  3 worms
  3 leopard geckos
  An orc (D:5)
  5 bats
  A giant cockroach (D:3)
  4 goblins
  8 hobgoblins
  3 jackals (D:5)
  A ball python (D:2)
  4 frilled lizards
  4 kobolds
  A quokka skeleton (D:4)
  11 rats
61 creatures vanquished.

Vanquished Creatures (collateral kills)
  3 jackals (D:5)
3 creatures vanquished.

Grand Total: 64 creatures vanquished

Notes
Turn   | Place    | Note
-------+----------+-------------------------------------------
     0 | D:1      | Leszczynek the Deep Elf Chaos Knight began the quest for the Orb.
     0 | D:1      | Reached XP level 1. HP: 13/13 MP: 3/3
   103 | D:1      | XOM: silly message
   143 | D:1      | Reached XP level 2. HP: 16/18 MP: 4/4
   483 | D:1      | Reached skill level 4 in Short Blades
   728 | D:2      | XOM: 1-stop teleportation journey
   735 | D:2      | Found a basalt altar of Yredelemnul.
   774 | D:2      | Reached XP level 3. HP: 21/22 MP: 5/5
   895 | D:2      | XOM: summons 1 hostile demon
   919 | D:2      | Found a white marble altar of Elyvilon.
   981 | D:2      | XOM: god gift: meat ration {god gift}
  1003 | D:2      | Found a glowing silver altar of Zin.
  1026 | D:2      | XOM: medium Hex miscast
  1212 | D:3      | XOM: mild Erth miscast
  1213 | D:3      | Reached XP level 4. HP: 25/27 MP: 6/6
  1280 | D:3      | Reached skill level 3 in Dodging
  1305 | D:3      | XOM: confuse monster(s)
  1466 | D:3      | XOM: god gift: lead wand {god gift}
  1484 | D:3      | Found a shattered altar of Ashenzari.
  1486 | D:3      | Reached skill level 5 in Short Blades
  1553 | D:4      | Noticed a centaur
  1554 | D:4      | i'm dead
  1559 | D:4      | XOM: divine lightning
  1560 | D:4      | XOM: scenery: create altars
  1572 | D:4      | Killed a centaur
  1589 | D:4      | oh
  1707 | D:4      | XOM: divination: detect items
  1709 | D:4      | XOM: divination: detect items
  1925 | D:4      | Noticed Natasha
  1927 | D:4      | XOM: harmless Pois miscast
  1969 | D:4      | Reached XP level 5. HP: 31/31 MP: 7/7
  2127 | D:5      | Entered Level 5 of the Dungeon
  2143 | D:5      | XOM: harmless Tloc miscast
  2172 | D:5      | Reached skill level 6 in Short Blades
  2221 | D:5      | he JUST knows where i am
  2221 | D:5      | how convenient
  2387 | D:5      | XOM: polymorph jackal -> leopard gecko
  2395 | D:5      | Noticed a shapeshifter
  2395 | D:5      | an orc changed into a shapeshifter
  2395 | D:5      | Noticed a spiny frog
  2395 | D:5      | a shapeshifter changed into a spiny frog
  2396 | D:5      | XOM: butterfly on damage
  2422 | D:5      | Killed from afar by a death drake (shapeshifter)

Vault maps used:
D:1:      matt_arrival_los_fun
D:2:      kennysheep_ying_yang, nicolae_overflow_crystal_walls,
          minmay_tromino_i4
D:3:      overflow_temple_1_default, lemuel_coloured_pillars_altar
D:4:      nicolae_gozag_seed_capital, kennysheep_mini, serial_shops,
          nicolae_shop_behind_doors, first_bread, uniq_natasha
D:5:      uniq_sigmund

Skill      XL: |  1  2  3  4  5 |
---------------+----------------+-----
Short Blades   | 4 5 6 |  6.4
Dodging        | 3 |  3.1
Fighting       | |  2.4
Armour         | |  0.7

Action                   |  1- 3 |  4- 6 || total
-------------------------+-------+-------++-------
Melee: Short sword       |   112 |    93 ||   205
 Fire: Shortbow          |       |     6 ||     6
Evoke: Wand              |       |     9 ||     9
  Use: Scroll            |     4 |     3 ||     7
       Potion            |       |     5 ||     5
 Stab: Sleeping          |     2 |       ||     2
       Confused          |     2 |       ||     2
       Paralysed         |     1 |       ||     1
       Distracted        |       |     1 ||     1
  Eat: Chunk             |     1 |     4 ||     5
Armor: Leather armour    |    33 |    23 ||    56
Dodge: Dodged            |    54 |    51 ||   105
